 Dungeon Crawl Stone Soup version 0.30-a0-187-gd9c2deaf24 (webtiles) character file.

Game seed: 16677208834875810107

1187 lunkers the Carver (level 9, 0/67 HPs)
             Began as a Meteoran Reaver on Oct 4, 2022.
             Was a Priest of Dithmenos.
             Slain by a gnoll
             ... wielding a +0 spear
              (5 damage)
             ... on level 5 of the Dungeon.
             The game lasted 00:06:37 (1787 turns).

lunkers the Carver (Meteoran Reaver)                Turns: 1787, Time: 00:06:37

Health: 0/67       AC:  9    Str: 14    XL:     9   Next: 1%
Magic:  10/14      EV: 12    Int: 16    God:    Dithmenos [***...]
Gold:   259        SH:  0    Dex: 16    Spells: 10/13 levels left

rFire   . . .      SeeInvis .    a - +7 Throatcutter {drain, coup de grace}
rCold   . . .      Faith    .    (no shield)
rNeg    . . .      Spirit   .    b - +0 leather armour
rPois   .          Reflect  .    c - +2 hat
rElec   .          Harm     .    o - +0 cloak
rCorr   .          Rampage  .    E - +0 pair of gloves
Will    +....                    h - +1 pair of boots
Stlth   +.........               (no amulet)
HPRegen 0.31/turn                (no ring)
MPRegen 0.14/turn                (no ring)

@: about to teleport, glowing
A: sense surroundings 2, otherworldly, glowing, explore regen
a: Renounce Religion, Shadow Step


You were on level 5 of the Dungeon.
You worshipped Dithmenos.
Dithmenos was most pleased with you.
You visited 1 branch of the dungeon, and saw 6 of its levels.

You collected 259 gold pieces.

Inventory:

Hand Weapons
 a - the +7 Throatcutter (weapon) {drain, coup de grace}
   (You took it off Terence on level 2 of the Dungeon)

   A truly terrible weapon, it drains the life of any living foe it strikes.
   It may instantly kill foes which have little health.
 i - a +2 dagger of speed
 l - a +0 mace
Missiles
 j - 4 curare-tipped darts
 m - 5 javelins
 t - 15 stones
 u - 2 atropa-tipped darts
 x - 11 poisoned darts
 z - 2 boomerangs
 F - a throwing net
Armour
 b - a +0 leather armour (worn)
 c - a +2 hat (worn)
 d - a +0 ring mail
 h - a +1 pair of boots (worn)
 o - a +0 cloak (worn)
 w - a +0 helmet
 E - a +0 pair of gloves (worn)
 G - the -2 pair of gloves "Nuereus" {Int+5}
   (You found it on level 5 of the Dungeon)

   Int:       It affects your intelligence (+5).
Jewellery
 D - a ring of magical power
Wands
 n - a wand of flame (6)
 q - a wand of iceblast (7)
 B - a wand of polymorph (2)
Scrolls
 y - 3 scrolls of teleportation
 C - a scroll of acquirement {unknown}
 H - 2 scrolls of identify
Potions
 e - 5 potions of lignification
 f - a potion of degeneration {unknown}
 g - 3 potions of brilliance
 k - a potion of might
 p - a potion of mutation {unknown}
 r - a potion of flight {unknown}
 s - 2 potions of magic
 v - a potion of attraction {unknown}
 A - a potion of resistance {unknown}


   Skills:
 - Level 2.1 Fighting
 - Level 2.6(6.8) Short Blades
 * Level 10.7(10.9) Long Blades
 - Level 5.1 Maces & Flails
 - Level 2.4 Dodging
 - Level 2.6 Spellcasting
 - Level 3.6 Conjurations


You had 10 spell levels left.
You knew the following spells:

 Your Spells              Type           Power      Damage    Failure   Level
b - Momentum Strike       Conj/Tloc      14%        3d8       19%         2
p - Kiss of Death         Conj/Necr      28%        2d7       12%         1

Your spell library contained the following spells:

 Spells                   Type           Power      Damage    Failure   Level
 Dazzling Flash           Conj/Hex       14%        N/A       34%         3
 Hailstorm                Conj/Ice       7%         3d4       34%         3
 Portal Projectile        Hex/Tloc       4%         N/A       58%         3
 Tukima's Dance           Hex            2%         N/A       58%         3
 Agony                    Necr           2%         N/A       100%        5
 Blade Hands              Tmut           1%         N/A       100%        5
 Silence                  Hex/Air        1%         N/A       100%        5


Dungeon Overview and Level Annotations

Branches:
Dungeon (6/15) Zot: 1822   Temple (0/1) D:5

Altars:
Dithmenos
Hepliaklqana
Okawaru
Sif Muna
Trog


Innate Abilities, Weirdness & Mutations

You passively map the area around you.
You are easily found by Zot.
You glow in the dark.
You regain HP and MP as you explore.


Message History

You kill the gnoll!
Dithmenos accepts your kill.
The gnoll sergeant is no longer moving quickly.
The gnoll sergeant hits you but does no damage.
The gnoll misses you. The orc closely misses you. The gnoll misses you.
Unknown command.
You hit the gnoll sergeant but do no damage.
You drain the gnoll sergeant.
The gnoll sergeant is lightly wounded.
The gnoll completely misses you.
The gnoll sergeant hits you with a +0 antimagic trident.
* * * LOW HITPOINT WARNING * * *
You feel your power leaking away. The gnoll hits you but does no damage.
The orc misses you. The gnoll barely misses you.
Unknown command.
You slash the gnoll sergeant! You drain the gnoll sergeant.
The gnoll sergeant is almost dead.
The gnoll hits you with a +0 spear.
* * * LOW HITPOINT WARNING * * *
The gnoll sergeant hits you but does no damage.
The gnoll hits you from afar with a +0 spear.
* * * LOW HITPOINT WARNING * * *
The orc hits you with a +0 short sword.
* * * LOW HITPOINT WARNING * * *
The gnoll hits you with a +0 club.
* * * LOW HITPOINT WARNING * * *
Unknown command.
You closely miss the gnoll sergeant.
The gnoll sergeant is almost dead.
The gnoll is no longer moving quickly. x2; The gnoll hits you with a +0 spear.
* * * LOW HITPOINT WARNING * * *
The gnoll sergeant misses you.
The gnoll hits you from afar with a +0 spear.
* * * LOW HITPOINT WARNING * * *
The orc barely misses you. The gnoll hits you but does no damage.
Unknown command.
As you read the scroll of teleportation, it crumbles to dust.
You feel strangely unstable. The gnoll hits you with a +0 spear.
You die...

, , , ,, , ... ~~ ~ ~~~ ~~≈~
~ ~~ ~ ~ ~ ~ ~ ~ ~~ ≈≈ ~ ~
~~~~ ~ ~~~ ##### , , , , , ,
,#...# *
**###############)).# ,,
#......(.'....#)# *~ , * *
########'###....#.# ~ ,
,.....gg@o#$#....#.# ~~ *
......)gg#!##'###.#, ~
.........#[#......# ~ ~, , ,
.........+.#......# ~
#######################.# ,
.....#....#...........#)#
,.....').).))..........')#
.....#..).#)..........#)# ~
#######''''#############)).#
~


You could see a gnoll sergeant (very drained), 3 gnolls and an orc.

Vanquished Creatures
  Prince Ribbit (D:5)
  A blink frog (D:5)
  2 water moccasins
  A scorpion (D:5)
  A necrophage (D:4)
  A hound (D:5)
  A gnoll bouda (D:5)
  2 orc priests
  Jessica (D:2)
  Natasha (D:2)
  Terence (D:2)
  An iguana (D:4)
  Ijyb (D:3)
  2 orc wizards (D:3)
  11 gnolls (D:5)
  2 adders
  A white imp (D:5)
  2 worms
  19 orcs
  2 endoplasms (D:1)
  A giant cockroach (D:4)
  3 goblins
  6 hobgoblins
  4 jackals (D:5)
  5 kobolds
  4 quokkas
  6 ball pythons
  2 bats (D:2)
  A rat (D:1)
86 creatures vanquished.

Vanquished Creatures (others)
  An adder (D:2)
1 creature vanquished.

Grand Total: 87 creatures vanquished

Notes
Turn   | Place    | Note
-------+----------+-------------------------------------------
     0 | D:1      | lunkers the Meteoran Reaver began the quest for the Orb.
     0 | D:1      | Reached XP level 1. HP: 17/17 MP: 5/5
   147 | D:1      | Reached XP level 2. HP: 16/24 MP: 6/6
   150 | D:1      | Learned a level 2 spell: Momentum Strike
   208 | D:1      | Found a faded altar of an unknown god.
   216 | D:1      | Prayed at the altar of an unknown god.
   216 | D:1      | Became a worshipper of Dithmenos the Shadowed
   216 | D:1      | Reached * piety under Dithmenos
   284 | D:2      | Reached skill level 5 in Maces & Flails
   428 | D:2      | Noticed Natasha
   430 | D:2      | Noticed Terence
   435 | D:2      | Noticed a crimson imp
   446 | D:2      | Reached XP level 3. HP: 21/29 MP: 4/8
   464 | D:2      | Killed Natasha
   465 | D:2      | Reached XP level 4. HP: 16/36 MP: 2/9
   465 | D:2      | Killed Terence
   527 | D:2      | Noticed Jessica
   531 | D:2      | Killed Jessica
   532 | D:2      | Reached skill level 2 in Long Blades
   587 | D:3      | Noticed Ijyb
   593 | D:3      | Killed Ijyb
   594 | D:3      | Reached XP level 5. HP: 23/40 MP: 8/10
   715 | D:3      | Reached ** piety under Dithmenos
   716 | D:3      | Reached skill level 3 in Long Blades
   721 | D:3      | HP: 2/41 [poisoned by an adder]
   722 | D:3      | Reached skill level 4 in Long Blades
   722 | D:3      | Reached XP level 6. HP: 2/48 MP: 11/11
   856 | D:3      | Found a shimmering blue altar of Sif Muna.
   872 | D:3      | Found a bloodstained altar of Trog.
   873 | D:3      | Found an iron altar of Okawaru.
   946 | D:4      | Reached skill level 5 in Long Blades
  1308 | D:5      | Entered Level 5 of the Dungeon
  1338 | D:5      | Found a staircase to the Ecumenical Temple.
  1393 | D:5      | Identified the -2 pair of gloves "Nuereus" {Int+5}
  1400 | D:5      | Noticed Edmund
  1402 | D:5      | Edmund changed into Edmund the blink frog
  1402 | D:5      | Noticed Edmund
  1408 | D:5      | Killed Edmund the blink frog
  1409 | D:5      | Reached skill level 7 in Long Blades
  1409 | D:5      | Reached XP level 7. HP: 38/55 MP: 12/12
  1410 | D:5      | Found a hazy altar of Hepliaklqana.
  1420 | D:5      | Noticed Prince Ribbit
  1431 | D:5      | Killed Prince Ribbit
  1432 | D:5      | Reached skill level 8 in Long Blades
  1432 | D:5      | Reached XP level 8. HP: 36/61 MP: 13/13
  1521 | D:5      | Reached skill level 9 in Long Blades
  1675 | D:5      | Reached skill level 10 in Long Blades
  1753 | D:5      | Reached *** piety under Dithmenos
  1778 | D:5      | Gained mutation: You passively map the area around you.
                  | [Meteoran growth]
  1778 | D:5      | Reached XP level 9. HP: 47/67 MP: 10/14
  1787 | D:5      | Slain by a gnoll

Illustrated notes

Levels and vault maps discovered:
D:1:      zelgadis_glass_arrival_large, layout_basic, basic_ecumenical_altar
D:2:      layout_rooms, minmay_tromino_v7, uniq_jessica, uniq_natasha,
          uniq_terence
D:3:      layout_loops_cross, nicolae_qazlal_general_emergency,
          mainiacjoe_overflow_concentric_impassable,
          grunt_temple_overflow_bloody_war, uniq_ijyb
D:4:      minmay_angry_zag, layout_loops_ring
D:5:      lemuel_castle_with_subvaults [lemuel_castle_interior_carwin_1],
          layout_layer_cave, mainiacjoe_overflow_surrounded_room,
          nicolae_hepliaklqana_hazy_memory, temple_green, minivault_11,
          uniq_edmund, uniq_sigmund, uniq_prince_ribbit1, uniq_pikel
D:6:      layout_loops_ring, uniq_grinder, uniq_maggie

Skill      XL: |  1  2  3  4  5  6  7  8 |
---------------+-------------------------+-----
Maces & Flails | 5 |  5.1
Short Blades   | 2 |  2.6
Long Blades    | 2 4 7 8 10 | 10.7
Fighting       | |  2.1
Dodging        | |  2.4
Spellcasting   | |  2.6
Conjurations   | |  3.6

Action                   |  1- 3 |  4- 6 |  7- 9 || total
-------------------------+-------+-------+-------++-------
Melee: Mace              |    26 |       |       ||    26
       Punch             |     1 |       |     1 ||     2
       Dagger            |    38 |       |       ||    38
       Long sword        |       |    58 |    79 ||   137
Throw: Dart              |       |     2 |       ||     2
 Cast: Momentum Strike   |     5 |     1 |       ||     6
       Kiss of Death     |       |     1 |       ||     1
Evoke: Wand              |       |     1 |       ||     1
  Use: Scroll            |       |     6 |     3 ||     9
Armor: Leather armour    |    14 |    19 |    40 ||    73
Dodge: Dodged            |    25 |    27 |    45 ||    97

Table legend: (Time is in decaauts)
 A = Elapsed time spent in this place.
 B = Non-inter-level travel time spent in this place.
 C = Inter-level travel time spent in this place.
 D = Time resting spent in this place.
 E = Time spent auto-exploring this place.
 F = Levels seen in this place.
 G = Mean time per level.
                   A        B        C        D        E       F      G
               +--------+--------+--------+--------+--------+-----+--------+
         Total |   1776 |   1617 |    159 |      0 |   1014 |   6 |  296.0 |
       Dungeon |   1776 |   1617 |    159 |      0 |   1014 |   6 |  296.0 |
               +--------+--------+--------+--------+--------+-----+--------+

Top non-repeatable levels by time:
     D:5: 409 daAuts
     D:4: 372 daAuts
     D:3: 365 daAuts
     D:2: 317 daAuts
     D:1: 253 daAuts
     D:6: 59 daAuts
